 Dungeon Crawl Stone Soup version 0.21.0-3-g78d12a8bdd (webtiles) character file.

106685 Gargoyl the Cleaver (level 15, -3/128 HPs)
             Began as a Centaur Abyssal Knight on Jan 17, 2018.
             Was the Champion of Lugonu.
             Killed from afar by a deep elf mage (13 damage)
             ... with a bolt of lightning
             ... on level 2 of the Elven Halls.
             The game lasted 01:02:54 (33968 turns).

Gargoyl the Cleaver (Centaur Abyssal Knight)       Turns: 33968, Time: 01:02:54

Health: -3/128     AC: 44    Str: 19    XL:     15   Next: 98%
Magic:  27/27      EV:  3    Int: 11    God:    Lugonu [******]
Gold:   785        SH:  7    Dex: 11    Spells: 14/14 levels left

rFire    + + .     SeeInvis .   k - +5 broad axe (elec)
rCold    . . .     Gourm    .   z - +2 buckler
rNeg     . . .     Faith    .   q - +2 plate armour {rF+}
rPois    +         Spirit   .   L - +2 hat {MR+}
rElec    .         Reflect  .   F - +2 cloak {rPois}
rCorr    .         Harm     .   Q - +2 pair of gloves
MR       ++...                  d - +4 centaur barding {rF+}
Stlth    ..........             (no amulet)
HPRegen  0.31/turn              n - +4 ring of protection
MPRegen  0.20/turn              G - +6 ring of protection

@: drained, very quick
A: large, hooves 3, horns 1, deformed body, speed 2, high mp 1, tough skin 3,
evolution 1
a: Depart the Abyss, Bend Space, Banish, Corrupt, Enter the Abyss, Brand Weapon
With Distortion, Renounce Religion


You were on level 2 of the Elven Halls.
You worshipped Lugonu.
Lugonu was exalted by your worship.
You were not hungry.

You visited 4 branches of the dungeon, and saw 25 of its levels.
You visited the Abyss 1 time.
You visited 1 bazaar.

You collected 2260 gold pieces.
You spent 1475 gold pieces at shops.

Inventory:

Hand Weapons
 j - a +1 broad axe of chopping
 k - a +5 broad axe of electrocution (weapon)
 m - a +3 war axe of flaming
 v - a +2 vampiric hand axe
Missiles
 E - 4 poisoned javelins (quivered)
 N - 7 javelins
Armour
 b - a +0 shield
 d - a +4 centaur barding of fire resistance (worn)
 q - a +2 plate armour of fire resistance (worn)
 z - a +2 buckler (worn)
 F - a +2 cloak of poison resistance (worn)
 L - a +2 hat of magic resistance (worn)
 Q - a +2 pair of gloves (worn)
Jewellery
 n - a +4 ring of protection (left hand)
 r - an uncursed ring of fire {unknown}
 t - an uncursed ring of protection from cold {unknown}
 w - an uncursed ring of protection from fire {unknown}
 A - an uncursed ring of wizardry
 G - a +6 ring of protection (right hand)
 M - a +5 ring of evasion
Wands
 f - a wand of clouds (3)
 u - a wand of acid (22)
 x - a wand of digging (56)
 H - a wand of enslavement (14)
 P - a wand of scattershot (6)
 S - a wand of polymorph (11)
Scrolls
 a - 5 scrolls of identify
 g - 5 scrolls of fog
 h - 6 scrolls of amnesia
 y - 10 scrolls of teleportation
 B - 7 scrolls of remove curse
 J - a scroll of fear
 O - a scroll of blinking
Potions
 e - a potion of invisibility
 i - 4 potions of haste
 l - 5 potions of might
 o - 3 potions of berserk rage
 s - 6 potions of curing
 C - 7 potions of brilliance
 I - a potion of flight
 K - 4 potions of resistance
Books
 p - a book of Misfortune

   Spells                             Type                      Level
   a - Confusing Touch                Hexes                        1
   b - Confuse                        Hexes                        3
   c - Gell's Gravitas                Translocation                3
   d - Petrify                        Transmutation/Earth          4
   e - Metabolic Englaciation         Hexes/Ice                    5
   f - Yara's Violent Unravelling     Hexes/Transmutation          5
 D - Arghaeqav's Grimoire of the Escort
   (You found it on level 1 of the Elven Halls)

   Spells                             Type                      Level
   a - Summon Butterflies             Summoning                    1
   b - Recall                         Summoning/Translocation      3
   c - Call Canine Familiar           Summoning                    3
   d - Summon Ice Beast               Ice/Summoning                4
   e - Summon Demon                   Summoning                    5
Comestibles
 c - 42 rations


   Skills:
 + Level 10.8(10.5) Fighting
 + Level 14.9(14.5) Axes
 + Level 1.7(1.5) Throwing
 * Level 11.5(11.2) Armour
 + Level 3.2(3.0) Dodging
 + Level 6.9(6.6) Shields
 * Level 13.5(13.1) Invocations
 + Level 0.6(0.3) Evocations


You had 14 spell levels left.
You didn't know any spells.

Dungeon Overview and Level Annotations

Branches:
Dungeon (15/15)            Temple (0/1) D:5            Lair (6/6) D:9
 Shoals (0/4) Lair:2       Spider (0/4) Lair:4        Slime (0/5) Lair:6
    Orc (2/2) D:12            Elf (2/3) Orc:2        Vaults (0/5) D:13
 Depths (0/5) D:15

Altars:
Ashenzari
Cheibriados
Dithmenos
Fedhas
Gozag
Kikubaaqudgha
Okawaru
Ru
Sif Muna
Trog
Uskayaw
Beogh

Shops:
D:6 *   D:7 %   D:8 **!   D:14 %   Orc:1 ?   Orc:2 %:((   Elf:1 (


Innate Abilities, Weirdness & Mutations

You have hooves in place of feet.
Armour fits poorly on your strangely shaped body.
You cover ground very quickly.
You have extremely tough skin. (AC +3)
You have a pair of small horns on your head.
You have an increased reservoir of magic. (+10% MP)
You evolve.


Message History

The deep elf mage hits you with a long sword.
* * * LOW HITPOINT WARNING * * *
You closely miss the deep elf mage. Your kick misses the deep elf mage.
You headbutt the deep elf mage.
The deep elf mage is heavily wounded.
The deep elf mage hits you but does no damage.
You closely miss the deep elf mage. Your kick misses the deep elf mage.
Your headbutt misses the deep elf mage.
The deep elf mage is heavily wounded.
You closely miss the deep elf mage. You kick the deep elf mage.
You headbutt the deep elf mage, but do no damage.
The deep elf mage is severely wounded.
The deep elf mage casts a spell at you. The bolt of lightning hits you!
* * * LOW HITPOINT WARNING * * *
You closely miss the deep elf mage. You kick the deep elf mage.
The deep elf mage is severely wounded.
The deep elf mage casts a spell at you. The bolt of lightning hits you!
You die...

##.....#+
##.......##
#.........#
#.....%...+
#.........#
#.........#
#........(#
#..@e...#
#+.##'##+
###......#
#..$..(..
##+#
.........
##...#
.........
##.....
[........
#+......
..........
#.......
.......
+.......


You could see a deep elf mage.

Vanquished Creatures
  Gastronok (Lair:1)
  A fire giant (D:15)
  2 deep elf sorcerers (Elf:1)
  A deep elf demonologist (Elf:1)
  6 dire elephants (Lair:6)
  The ghost of jesusflecha the Basher, a journeyman GrGl of Okawaru (Orc:2)
  Harold (Lair:1)
  9 hydras
  A catoblepas (Lair:6)
  A centaur warrior (D:14)
  22 two-headed ogres
  An anaconda (Lair:6)
  2 dancing weapons (Elf:1)
  3 ogre magi (Orc:2)
  4 deep elf knights
  4 skeletal warriors (D:15)
  An unseen horror (D:11)
  An obsidian statue (D:13)
  4 deep elf archers (Elf:1)
  A wizard (D:13)
  A wolf spider zombie (D:15)
  An orc knight (Orc:1)
  20 deep elf magi
  4 manticores
  3 orc sorcerers
  6 ugly things
  A cyclops (D:12)
  9 elephants (Lair:6)
  A black mamba (shapeshifter) (D:13)
  2 black mambas
  2 gargoyles
  A torpor snail (Lair:3)
  9 spiny frogs
  4 komodo dragons
  2 rime drakes
  8 trolls
  A hornet (D:10)
  8 blink frogs
  10 slime creatures
  2 dream sheep (D:8)
  9 hippogriffs
  2 shadows
  2 water elementals
  4 wyverns
  A basilisk (Lair:3)
  2 wraiths
  52 yaks
  A fire elemental (Elf:2)
  2 hungry ghosts
  6 vampire mosquitoes
  2 wargs
  A soldier ant (D:12)
  An acid dragon (D:15)
  6 water moccasins
  10 porcupines
  16 orc warriors
  3 black bears
  15 ice beasts
  A necrophage (D:10)
  5 sky beasts
  An eye of draining (D:10)
  A phantom (D:5)
  31 ogres
  9 centaurs
  5 wolves (Lair:6)
  5 crocodiles
  5 big kobolds
  Blork the orc (D:5)
  15 bullfrogs
  A wyvern zombie (D:12)
  9 scorpions
  12 wights
  3 killer bees (D:12)
  3 howler monkeys
  3 electric eels
  7 crimson imps
  3 centaur zombies
  A quasit (D:13)
  4 bullfrog zombies
  12 orc priests
  3 jellies
  5 hounds
  An iron imp (Abyss:1)
  7 centaur skeletons
  3 iguanas
  20 orc wizards
  Natasha (thrice) (D:2 D:3)
  18 worker ants
  7 hell rats (Lair:4)
  A hound zombie (D:7)
  A worker ant zombie (D:5)
  Robin (D:3)
  9 adders
  4 gnolls (D:5)
  3 shadow imps
  10 oozes
  An adder skeleton (D:9)
  An adder zombie (D:5)
  5 worms
  2 dart slugs
  5 leopard geckos
  54 orcs
  A ball python (D:4)
  2 giant cockroaches
  13 goblins
  13 hobgoblins
  5 jackals
  23 kobolds
  2 quokkas
  A ball python skeleton (D:4)
  7 bats
  4 frilled lizards
  2 leopard gecko skeletons (D:4)
  A quokka zombie (D:5)
  7 rats
  2 fungi
  6 plants (Lair:6)
687 creatures vanquished.

Vanquished Creatures (others)
  A deep elf blademaster (Elf:2)
  The ghost of nubinia the Spear-Bearer, a journeyman DsFE of Ashenzari (Lair:4)
  An ogre mage (Orc:1)
  A deep elf knight (Elf:2)
  The ghost of dengdeng the Ruffian, a novice TrBe of Trog (D:6)
  2 deep elf magi
  A komodo dragon (Lair:5)
  A bush (D:14)
  5 fungi
  5 plants (Lair:6)
  10 toadstools (D:2)
29 creatures vanquished.

Grand Total: 716 creatures vanquished

Notes
Turn   | Place    | Note
-------+----------+-------------------------------------------
     0 | Abyss:1  | Gargoyl the Centaur Abyssal Knight began the quest for the Orb.
     0 | Abyss:1  | Reached XP level 1. HP: 19/19 MP: 2/2
     4 | Abyss:1  | Found a corrupted altar of Lugonu.
    52 | Abyss:1  | Noticed an iron imp
    61 | Abyss:1  | Killed an iron imp
    61 | Abyss:1  | Reached skill level 2 in Axes
    61 | Abyss:1  | Reached XP level 2. HP: 11/27 MP: 3/3
    89 | Abyss:1  | Noticed an ancient zyme
   120 | Abyss:1  | Noticed a worldbinder
   149 | Abyss:2  | Identified a scroll of acquirement
   161 | D:1      | Escaped the Abyss
   298 | D:1      | Reached XP level 3. HP: 33/33 MP: 4/4
   740 | D:1      | Reached * piety under Lugonu
   870 | D:2      | Noticed Natasha
   881 | D:2      | Killed Natasha
   881 | D:2      | Reached XP level 4. HP: 28/40 MP: 5/5
  1003 | D:2      | Found a shadowy altar of Dithmenos.
  1346 | D:2      | Found a faded altar of an unknown god.
  1536 | D:2      | Reached skill level 1 in Dodging
  1536 | D:2      | Reached XP level 5. HP: 45/46 MP: 7/7
  1844 | D:2      | Reached ** piety under Lugonu
  1862 | D:2      | Reached skill level 3 in Axes
  2161 | D:3      | Reached skill level 1 in Shields
  2254 | D:3      | Noticed Natasha
  2259 | D:3      | Noticed Robin
  2265 | D:3      | Killed Natasha
  2265 | D:3      | Reached XP level 6. HP: 45/52 MP: 8/8
  2320 | D:3      | Noticed Natasha
  2491 | D:3      | Killed Natasha
  2742 | D:3      | Killed Robin
  3165 | D:3      | Found an ancient bone altar of Kikubaaqudgha.
  3266 | D:3      | Reached *** piety under Lugonu
  3427 | D:4      | Found a sacrificial altar of Ru.
  3488 | D:4      | Reached XP level 7. HP: 60/60 MP: 9/9
  4175 | D:5      | Entered Level 5 of the Dungeon
  4179 | D:5      | Reached skill level 4 in Axes
  4276 | D:5      | Noticed Blork the orc
  4289 | D:5      | Killed Blork the orc
  4370 | D:5      | Reached XP level 8. HP: 67/67 MP: 11/11
  4974 | D:5      | Reached skill level 5 in Invocations
  5069 | D:5      | Found a staircase to the Ecumenical Temple.
  5206 | D:6      | Reached skill level 5 in Axes
  5266 | D:6      | Found an opulent altar of Gozag.
  5317 | D:6      | Noticed dengdeng's ghost (novice TrBe)
  5518 | D:6      | Banished dengdeng's ghost
  5518 | D:6      | Reached skill level 5 in Fighting
  5716 | D:6      | Found a hide-covered altar of Uskayaw.
  5716 | D:6      | Found a snail-covered altar of Cheibriados.
  5749 | D:6      | Found a deep blue altar of Sif Muna.
  5778 | D:6      | Reached XP level 9. HP: 65/74 MP: 13/13
  5919 | D:6      | Found Heez Buhu's Assorted Antiques.
  5924 | D:6      | Bought a runed war axe for 188 gold pieces
  5924 | D:6      | Bought a dented jade amulet for 145 gold pieces
  5924 | D:6      | Bought a ring of strength for 58 gold pieces
  6546 | D:7      | Reached skill level 6 in Axes
  7077 | D:7      | Found Feobbublaxt's Food Shoppe.
  7180 | D:8      | Noticed a two-headed ogre
  7202 | D:7      | Killed a two-headed ogre
  7202 | D:7      | Reached skill level 7 in Axes
  7202 | D:7      | Reached skill level 5 in Armour
  7384 | D:8      | Found a shattered altar of Ashenzari.
  7473 | D:8      | Reached **** piety under Lugonu
  7474 | D:8      | Found Voklarig's General Store.
  7493 | D:8      | Bought a +0 leather armour for 26 gold pieces
  7493 | D:8      | Bought a scroll of enchant weapon for 97 gold pieces
  7551 | D:8      | Found Ciheix's Distillery.
  7936 | D:8      | Found an iron altar of Okawaru.
  7937 | D:8      | Found a bloodstained altar of Trog.
  7964 | D:8      | Reached XP level 10. HP: 70/81 MP: 15/15
  8064 | D:8      | Found Viteil's Assorted Antiques.
  8504 | D:8      | Noticed a two-headed hydra
  8507 | D:8      | Killed a one-headed hydra
  8507 | D:8      | Reached skill level 8 in Axes
  9273 | D:9      | Found a staircase to the Lair.
  9362 | Lair:1   | Entered Level 1 of the Lair of Beasts
  9362 | Lair:1   | Noticed a six-headed hydra
  9366 | Lair:1   | Noticed Harold
  9691 | D:9      | Killed a one-headed hydra
  9960 | Lair:1   | Killed Harold
  9960 | Lair:1   | Reached skill level 9 in Axes
  9960 | Lair:1   | Reached XP level 11. HP: 75/90 MP: 17/17
 10117 | Lair:1   | Reached skill level 1 in Throwing
 10471 | Lair:1   | Reached ***** piety under Lugonu
 10651 | Lair:1   | Noticed an eight-headed hydra
 10656 | Lair:1   | Killed a five-headed hydra
 10900 | Lair:1   | Noticed a four-headed hydra
 10911 | Lair:1   | Killed a one-headed hydra
 11005 | Lair:1   | Noticed Gastronok
 11025 | Lair:1   | Killed Gastronok
 11354 | Lair:2   | Reached skill level 10 in Axes
 11465 | Lair:2   | Found a staircase to the Shoals.
 12021 | Lair:2   | Reached XP level 12. HP: 85/100 MP: 19/19
 12653 | Lair:3   | Found a runed door.
 12688 | Lair:3   | Got a translucent bone amulet
 12689 | Lair:3   | Identified the amulet "Semof" {Harm *Drain +Blink SInv} (You found it on level 3 of the Lair of Beasts)
 13322 | Lair:3   | Noticed a five-headed hydra
 13331 | Lair:3   | Killed a one-headed hydra
 13331 | Lair:3   | Reached skill level 10 in Invocations
 14084 | Lair:3   | Noticed a five-headed hydra
 14096 | Lair:3   | Killed a one-headed hydra
 14270 | Lair:4   | Noticed nubinia's ghost (journeyman DsFE)
 14273 | Lair:4   | Noticed a four-headed hydra
 14502 | Lair:4   | Killed a one-headed hydra
 14519 | Lair:4   | Banished nubinia's ghost
 15164 | Lair:4   | Found a hole to the Spider Nest.
 15974 | Lair:5   | Noticed a four-headed hydra
 15997 | Lair:5   | Reached skill level 11 in Axes
 16000 | Lair:5   | Killed a one-headed hydra
 16000 | Lair:5   | Reached skill level 5 in Shields
 16709 | Lair:6   | Entered Level 6 of the Lair of Beasts
 16714 | Lair:6   | Noticed a seven-headed hydra
 16723 | Lair:6   | Killed a three-headed hydra
 16978 | Lair:6   | Reached XP level 13. HP: 83/107 MP: 20/20
 17836 | D:8      | Bought a scroll of enchant armour for 97 gold pieces
 18432 | Lair:6   | Found a staircase to the Slime Pits.
 19243 | Lair:6   | Reached skill level 12 in Axes
 19248 | Lair:6   | Noticed a dire elephant
 19248 | Lair:6   | Noticed a dire elephant
 19257 | Lair:6   | Noticed a dire elephant
 19438 | Lair:6   | Noticed a dire elephant
 19460 | Lair:6   | Killed a dire elephant
 19592 | Lair:6   | Killed a dire elephant
 19683 | Lair:6   | Noticed a dire elephant
 19997 | Lair:6   | Killed a dire elephant
 20539 | Lair:6   | Killed a dire elephant
 20601 | Lair:6   | Killed a dire elephant
 20771 | Lair:6   | Noticed a dire elephant
 20789 | Lair:6   | Killed a dire elephant
 20789 | Lair:6   | Reached skill level 10 in Armour
 21208 | D:10     | Entered Level 10 of the Dungeon
 22913 | D:11     | Reached XP level 14. HP: 107/118 MP: 22/22
 22956 | D:11     | Gained mutation: You are covered in fur. (AC +1) [potion of mutation]
 22956 | D:11     | Gained mutation: You are resistant to hostile enchantments. (MR+) [potion of mutation]
 22956 | D:11     | Gained mutation: You have an increased reservoir of magic. (+10% MP) [potion of mutation]
 22957 | D:11     | Lost mutation: You are covered in fur. (AC +1) [potion of mutation]
 22957 | D:11     | Lost mutation: You are resistant to hostile enchantments. (MR+) [potion of mutation]
 22957 | D:11     | Gained mutation: Your body sometimes deteriorates upon taking damage. [potion of mutation]
 22957 | D:11     | Gained mutation: Your mind is acute. (Int +2) [potion of mutation]
 22957 | D:11     | Gained mutation: You have a pair of small horns on your head. [potion of mutation]
 22957 | D:11     | Gained mutation: You have a pair of horns on your head. [potion of mutation]
 22958 | D:11     | Lost mutation: You have a pair of horns on your head. [potion of mutation]
 22958 | D:11     | Lost mutation: Your mind is acute. (Int +2) [potion of mutation]
 22958 | D:11     | Lost mutation: You have a pair of small horns on your head. [potion of mutation]
 22958 | D:11     | Gained mutation: You have a pair of small antennae on your head. [potion of mutation]
 22958 | D:11     | Gained mutation: Your flesh is cold resistant. (rC+) [potion of mutation]
 23494 | D:12     | Found a staircase to the Orcish Mines.
 24066 | D:8      | Bought a +2 plate armour of fire resistance for 520 gold pieces
 24789 | D:13     | Found a gateway to a bazaar.
 24805 | Bazaar   | Entered a bazaar
 24922 | Bazaar   | Found Qiphimm's Antique Weapon Shop.
 24927 | Bazaar   | Found Nemm's Weapon Shop.
 24932 | Bazaar   | Found Domn's Assorted Antiques.
 24953 | Bazaar   | Found Qothroeke's Weapon Shop.
 24988 | Bazaar   | Bought a glowing broad axe for 112 gold pieces
 24988 | Bazaar   | Bought a runed broad axe for 112 gold pieces
 25235 | D:13     | Found a gate to the Vaults.
 25598 | D:14     | Reached ****** piety under Lugonu
 25598 | D:14     | Reached skill level 13 in Axes
 26020 | D:14     | Found Itoluk's Food Shop.
 26731 | D:14     | Found a deep blue altar of Sif Muna.
 26884 | D:15     | Entered Level 15 of the Dungeon
 27086 | D:15     | Found a staircase to the Depths.
 27087 | D:15     | Noticed a fire giant
 27101 | D:15     | Killed a fire giant
 27587 | D:15     | Found a blossoming altar of Fedhas.
 27926 | D:15     | Lost mutation: Your flesh is cold resistant. (rC+) [potion of mutation]
 27926 | D:15     | Lost mutation: Your body sometimes deteriorates upon taking damage. [potion of mutation]
 27926 | D:15     | Lost mutation: You have a pair of small antennae on your head. [potion of mutation]
 27926 | D:15     | Gained mutation: You are clumsy. (Dex -2) [potion of mutation]
 27926 | D:15     | Gained mutation: You have a pair of small horns on your head. [potion of mutation]
 27926 | D:15     | Gained mutation: You evolve. [potion of mutation]
 28237 | Orc:1    | Entered Level 1 of the Orcish Mines
 28314 | Orc:1    | Paralysed by an orc sorcerer for 7 turns
 28944 | Orc:1    | Found Zuageucw's Magic Scroll Emporium.
 28952 | Orc:1    | Bought a scroll of blinking for 120 gold pieces
 28970 | Orc:2    | Entered Level 2 of the Orcish Mines
 28991 | Orc:2    | Noticed jesusflecha's ghost (journeyman GrGl)
 29208 | Orc:2    | Killed jesusflecha's ghost
 29208 | Orc:2    | Reached XP level 15. HP: 126/126 MP: 26/26
 29232 | Orc:2    | Found a staircase to the Elven Halls.
 29419 | Orc:2    | Reached skill level 10 in Fighting
 29426 | Orc:2    | Reached skill level 14 in Axes
 29428 | Orc:2    | Paralysed by an ogre mage for 6 turns
 30804 | Orc:2    | Found Noteczorph's Food Emporium.
 30804 | Orc:2    | Found Qeazierph's Antique Weapon Shop.
 30804 | Orc:2    | Found Sali's Book Shop.
 30804 | Orc:2    | Found Etiliuju's Antique Weapon Shoppe.
 31064 | Orc:2    | Lost mutation: You are clumsy. (Dex -2) [evolution]
 31294 | Orc:2    | Found a roughly hewn altar of Beogh.
 31349 | Elf:1    | Entered Level 1 of the Elven Halls
 31351 | Elf:1    | Noticed a deep elf sorcerer
 31355 | Elf:1    | Killed a deep elf sorcerer
 31923 | Elf:1    | Noticed a deep elf sorcerer
 31938 | Elf:1    | Killed a deep elf sorcerer
 32472 | Elf:1    | Found Laodd's Antique Weapon Emporium.
 32814 | Elf:1    | Identified Arghaeqav's Grimoire of the Escort
 33907 | Elf:2    | Noticed a deep elf blademaster
 33926 | Elf:2    | Banished a deep elf blademaster
 33968 | Elf:2    | Killed from afar by a deep elf mage

Skill      XL: |  1  2  3  4  5  6  7  8  9 10 11 12 13 14 15 |
---------------+----------------------------------------------+-----
Axes           | 2 3 4 5 7 9 10 11 12 13 14 | 14.9
Armour         | 2 3 4 5 6 7 9 10 11 | 11.5
Fighting       | 4 5 6 7 8 9 10 | 10.8
Dodging        | 1 2 3 |  3.2
Invocations    | 3 4 6 7 8 9 10 11 12 13 | 13.5
Shields        | 1 2 3 4 5 6 |  6.9
Throwing       | 1 |  1.7
Evocations     | |  0.6

Action                   |  1- 3 |  4- 6 |  7- 9 | 10-12 | 13-15 || total
-------------------------+-------+-------+-------+-------+-------++-------
Melee: Hand axe          |    57 |   244 |   252 |       |       ||   553
       Kick              |     9 |    48 |    89 |   129 |   408 ||   683
       War axe           |       |       |   133 |   574 |   633 ||  1340
       Broad axe         |       |       |       |       |   785 ||   785
       Headbutt          |       |       |       |       |    44 ||    44
Throw: Tomahawk          |       |       |     2 |     3 |       ||     5
       Javelin           |       |       |       |       |     6 ||     6
Invok: Depart the Abyss  |     1 |       |       |       |       ||     1
       Bend Space        |       |     1 |       |       |     1 ||     2
       Banish            |       |       |     4 |     1 |    12 ||    17
Evoke: Wand              |       |       |     3 |       |     3 ||     6
  Use: Scroll            |     6 |     6 |     8 |     5 |    29 ||    54
       Potion            |       |       |       |     1 |    21 ||    22
 Stab: Petrified         |       |       |       |       |     2 ||     2
  Eat: Chunk             |       |     4 |    12 |    19 |    33 ||    68
       Ration            |       |     2 |       |     2 |     7 ||    11
Armor: Ring mail         |    35 |    68 |       |       |       ||   103
       Leather armour    |    32 |       |       |       |       ||    32
       Chain mail        |       |   149 |   354 |   112 |       ||   615
       Skin              |       |     3 |       |       |       ||     3
       Plate armour      |       |       |       |   577 |  1425 ||  2002
Dodge: Dodged            |    22 |    12 |    21 |    31 |   122 ||   208
Block: Shield            |    12 |   100 |   169 |   308 |   736 ||  1325
       Buckler           |       |       |       |       |    11 ||    11
